 Dungeon Crawl Stone Soup version 0.17-a0-1475-g9f81d98 (webtiles) character file.

63 Falacy the Skirmisher (level 3, -1/33 HPs)
             Began as a Draconian Berserker on July 2, 2015.
             Was a Believer of Trog.
             Killed from afar by Ijyb (14 damage)
             ... with a wand of draining
             ... on level 3 of the Dungeon.
             The game lasted 00:07:23 (1698 turns).

Falacy the Skirmisher (Draconian Berserker)         Turns: 1698, Time: 00:07:23

Health: -1/33      AC:  6    Str: 20    XL:     3   Next: 89%
Magic:  3/3        EV:  9    Int:  7    God:    Trog [**....]
Gold:   72         SH:  9    Dex: 10    Spells: 0 memorised, 2 levels left

rFire  . . .     SeeInvis .     e - +0 hand axe
rCold  . . .     Clarity  .     (armour unavailable)
rNeg   . . .     SustAt   .     f - +2 shield
rPois  .         Gourm    .     (helmet restricted)
rElec  .         Spirit   .     (no cloak)
rCorr  .         Warding  .     j - +0 pair of gloves
rMut   .         Stasis   .     (no boots)
MR     .....                    (no amulet)
Stlth  +.........               (no ring)
                                (no ring)

@: heavily drained, not resistant to hostile enchantments, very unstealthy
A: unfitting armour, cold-blooded, AC +5
a: Burn Spellbooks, Berserk, Trog's Hand, Renounce Religion


You were on level 3 of the Dungeon.
You worshipped Trog.
Trog was pleased with you.
You were very hungry.

You visited 1 branch of the dungeon, and saw 3 of its levels.

You collected 72 gold pieces.

Inventory:

Hand weapons
 a - a +0 short sword
 e - a +0 hand axe (weapon)
Armour
 f - a +2 shield (worn)
 j - a +0 pair of gloves (worn)
Magical staves
 c - an uncursed staff of power {unknown}
Scrolls
 d - a scroll of remove curse {unknown}
 g - a scroll of identify {unknown}
 i - a scroll of enchant armour {unknown}
 k - a scroll of fog {unknown}
 m - a scroll of recharging {unknown}
Potions
 l - a potion of ambrosia {unknown}
Comestibles
 b - a bread ration
 h - 2 beef jerkies


   Skills:
 + Level 4.0(2.6) Fighting
 + Level 3.4(1.9) Short Blades
 + Level 0.4(0.0) Axes
 + Level 3.3(1.9) Dodging
 + Level 0.2(0.0) Stealth
 + Level 0.8(0.0) Shields


You had 2 spell levels left.
You didn't know any spells.

Dungeon Overview and Level Annotations

Branches:
Dungeon (3/15)

Altars:
Dithmenos
Makhleb

Annotations:
D:3 Ijyb


Innate Abilities, Weirdness & Mutations

Your plain brown scales are hard (AC +5).
Your body does not fit into most forms of armour.
You are cold-blooded and may be slowed by cold attacks.


Message History

You climb downwards.
There is a stone staircase leading up here.
Ijyb the Twisted Goblin comes into view.
Ijyb shouts!
Ijyb zaps a wand.
The bolt of negative energy hits you!
You feel drained.
It is a wand of draining.
Ijyb zaps a wand.
The bolt of negative energy misses you.
You completely miss Ijyb.
Ijyb zaps a wand.
The bolt of negative energy misses you.
You hit Ijyb.
Your tail-slap misses Ijyb.
Ijyb is lightly wounded.
You block Ijyb's attack.
You closely miss Ijyb.
Ijyb is lightly wounded.
Ijyb hits you but does no damage.
Ijyb zaps a wand.
The bolt of negative energy hits you!
You feel drained.
You hit Ijyb.
Ijyb is moderately wounded.
Ijyb zaps a wand.
The bolt of negative energy hits you!
You feel drained.
You die...

###########
......#...#
#.@g##
#...<#
#..### ##.#
#.# #.# ...
... ...


You could see Ijyb.

Vanquished Creatures
  3 adders (D:2)
  An ooze (D:1)
  A ball python (D:1)
  2 giant cockroaches
  3 goblins
  5 hobgoblins
  5 bats
  4 giant newts
  7 kobolds
  5 rats
36 creatures vanquished.

Notes
Turn   | Place    | Note
--------------------------------------------------------------
     0 | D:1      | Falacy the Draconian Berserker began the quest for the Orb.
     0 | D:1      | Reached XP level 1. HP: 19/19 MP: 1/1
   246 | D:1      | Reached XP level 2. HP: 26/26 MP: 2/2
   850 | D:2      | Reached XP level 3. HP: 18/33 MP: 3/3
  1023 | D:2      | Found a burning altar of Makhleb.
  1146 | D:2      | Acquired Trog's second power
  1493 | D:2      | Found a shadowy altar of Dithmenos.
  1619 | D:2      | Reached skill level 4 in Fighting
  1692 | D:3      | Noticed Ijyb
  1698 | D:3      | Killed from afar by Ijyb

Vault maps used:
D:1:      dpeg_arrival_water_altar
D:2:      nicolae_dithmenos_through_a_glass_darkly, old_standard_altar,
          minmay_bisected
D:3:      kennysheep_six_static_rooms, first_bread, uniq_iyjb, uniq_jessica

Action                   || total
-------------------------++-------
Melee: Hand axe          ||    88
       Short sword       ||     5
Invok: Berserk           ||     3
  Use: Potion            ||     2
  Eat: Bread ration      ||     1
